 Dungeon Crawl Stone Soup version 0.30-a0-782-ge64f9170bb (webtiles) character file.

Game seed: 14090225620220159309

582 mopl the Stinger (level 7, -5/41 (46) HPs)
             Began as a Formicid Venom Mage on Mar 7, 2023.
             Slain by a wight
             ... wielding a +4 flail
              (17 damage)
             ... on level 6 of the Dungeon.
             The game lasted 00:06:09 (3862 turns).

mopl the Stinger (Formicid Venom Mage)              Turns: 3862, Time: 00:06:10

HP:   -5/41 (46)    AC:  2    Str: 15    XL:     7   Next: 63%
MP:   1/11          EV: 12    Int: 14    God:
Gold: 158           SH:  6    Dex: 20    Spells: 7/12 levels left

rFire   . . .      SeeInvis +    B - +0 quarterstaff
rCold   + . .      Faith    .    m - +0 buckler
rNeg    . . .      Spirit   .    y - +0 robe
rPois   .          Reflect  .    (helmet unavailable)
rElec   .          Harm     .    (no cloak)
rCorr   .          Rampage  .    (no gloves)
Will    .....                    (no boots)
Stlth   ++                       (no amulet)
HPRegen 0.26/turn                q - +6 ring of dexterity
MPRegen 0.12/turn                w - ring of protection from cold

@: heavily drained
A: permanent stasis, dig shafts and tunnels, antennae 3, four strong arms
a: Dig, Shaft Self


You were on level 6 of the Dungeon.
You visited 1 branch of the dungeon, and saw 6 of its levels.

You collected 268 gold pieces.
You spent 110 gold pieces at shops.

Inventory:

Hand Weapons
 g - a +0 scimitar
 l - a +0 hand axe of venom
 B - a +0 quarterstaff (weapon)
Missiles
 j - 9 poisoned darts
Armour
 m - a +0 buckler (worn)
 u - a +0 scale mail of willpower
 y - a +0 robe (worn)
Magical Staves
 a - a staff of poison
 i - a staff of conjuration
Jewellery
 q - a +6 ring of dexterity (left hand)
 w - a ring of protection from cold (right hand)
Scrolls
 d - 5 scrolls of identify {unknown}
 e - 2 scrolls of fog {unknown}
 f - 2 scrolls of poison {unknown}
 h - 2 scrolls of noise {unknown}
 o - a scroll of silence {unknown}
 r - a scroll of enchant weapon {unknown}
 t - 2 scrolls of amnesia
 v - a scroll of immolation {unknown}
 D - a scroll of blinking {unknown}
 F - a scroll of vulnerability {unknown}
Potions
 b - 2 potions of magic
 c - a potion of mutation {unknown}
 k - a potion of attraction {unknown}
 n - a potion of invisibility {unknown}
 p - a potion of curing {unknown}
 s - a potion of might {unknown}
 x - a potion of lignification {!q}
 z - a potion of flight {unknown}
 A - a potion of heal wounds {unknown}
 C - a potion of degeneration {unknown}
 E - a potion of haste {unknown}


   Skills:
 - Level 1.7 Dodging
 - Level 2.4 Stealth
 - Level 5.0 Shields
 - Level 3.0 Spellcasting
 - Level 1.1 Transmutations
 + Level 7.7 Poison Magic
 + Level 3.6 Evocations


You had 7 spell levels left.
You knew the following spells:

 Your Spells              Type           Power      Damage    Failure   Level
a - Sting                 Tmut/Pois      56%        1d5       4%          1
o - Olgreb's Toxic Radia  Pois           23%        N/A       11%         4

Your spell library contained the following spells:

 Spells                   Type           Power      Damage    Failure   Level
 Poisonous Vapours        Pois/Air       24%        N/A       8%          2
 Wereblood                Tmut           5%         N/A       24%         2
 Mephitic Cloud           Conj/Pois/Air  9%         N/A       26%         3
 Sublimation of Blood     Necr           2%         N/A       36%         2
 Call Canine Familiar     Summ           2%         N/A       58%         3
 Portal Projectile        Hex/Tloc       4%         N/A       58%         3
 Leda's Liquefaction      Hex/Erth       1%         N/A       94%         4
 Fireball                 Conj/Fire      1%         3d3       100%        5
 Iskenderun's Battlesphe  Conj           2%         2d6       100%        5
 Conjure Ball Lightning   Conj/Air       1%         3x3d6     100%        6
 Orb of Destruction       Conj           1%         9d5       100%        7
 Summon Hydra             Summ           1%         N/A       100%        7


Dungeon Overview and Level Annotations

Branches:
Dungeon (6/15)
 Temple: D:4-7

Altars:
Elyvilon

Shops:
D:1 :   D:3 *


Innate Abilities, Weirdness & Mutations

You cannot be hasted, slowed, berserked, paralysed or teleported.
You can dig through walls and to a lower floor.
You have a pair of large antennae on your head. (SInv)
Your four strong arms can wield two-handed weapons with a shield.


Message History

The wight is lightly damaged.
The wight splashes around in the water.
You feel a surge of power!
The sting hits the wight.
The wight partially resists.
The wight is moderately damaged.
The wight splashes around in the water.
You feel a surge of power!
The sting hits the wight but does no damage.
The wight is moderately damaged.
The wight misses you.
You feel a surge of power!
The sting hits the wight but does no damage.
The wight is moderately damaged.
The wight hits you with a +4 flail!
You feel drained.
You feel a surge of power!
The sting hits the wight.
The wight partially resists.
The wight is moderately damaged.
The wight barely misses you.
You are out of magic!
You are out of magic!
You are out of magic!
B - a +0 quarterstaff (weapon)
You hit the wight.
The wight is severely damaged.
The wight splashes around in the water.
You hit the wight but do no damage.
The wight is severely damaged.
The wight hits you with a +4 flail!
You feel drained.
* * * LOW HITPOINT WARNING * * *
The wight closely misses you.
You hit the wight.
The wight is almost destroyed.
The wight barely misses you.
You hit the wight but do no damage.
The wight is almost destroyed.
The wight splashes around in the water.
You hit the wight but do no damage.
The wight is almost destroyed.
The wight hits you with a +4 flail!
You die...

{{ ......# #†#..
#.# ##.....# #.#.#
#.# ......#
#.#.##.#.# #.....#
#.#<...#.#
#./...###.#.####.#
#..†....#.#......#
#....~~.#.########
##...⌠z.#.#
##..~~@#.#
#.......#
#..###..# ##+#
##.# #.# ..# ###


You could see a wight.

Vanquished Creatures
  An ice beast (D:5)
  A sky beast (D:6)
  2 scorpions (D:5)
  3 iguanas (D:5)
  Ijyb (D:4)
  3 gnolls (D:4)
  7 adders
  2 ufetubi
  2 worms
  12 orcs
  6 bats
  2 endoplasms
  2 giant cockroaches
  8 goblins
  4 hobgoblins
  4 jackals
  6 quokkas
  2 ball pythons
  A frilled lizard (D:1)
  7 kobolds
  5 rats
81 creatures vanquished.

Vanquished Creatures (others)
  An orc (D:4)
  A plant (D:3)
2 creatures vanquished.

Grand Total: 83 creatures vanquished

Notes
Turn   | Place    | Note
-------+----------+-------------------------------------------
     0 | D:1      | mopl the Formicid Venom Mage began the quest for the Orb.
     0 | D:1      | Reached XP level 1. HP: 13/13 MP: 3/3
    59 | D:1      | Found Voxer's Book Shoppe.
   171 | D:1      | Reached XP level 2. HP: 9/19 MP: 0/5
   556 | D:1      | Reached XP level 3. HP: 23/24 MP: 2/7
   694 | D:2      | Reached skill level 3 in Spellcasting
   721 | D:2      | Reached skill level 5 in Poison Magic
  1086 | D:2      | Reached XP level 4. HP: 24/30 MP: 3/8
  1091 | D:2      | Learned a level 4 spell: Olgreb's Toxic Radiance
  1348 | D:3      | Reached skill level 1 in Shields
  1606 | D:3      | Found Zoschuat's General Store.
  1619 | D:3      | Reached skill level 2 in Shields
  1625 | D:3      | Bought a potion of lignification for 33 gold pieces
  1625 | D:3      | Bought a scroll of teleportation for 33 gold pieces
  1625 | D:3      | Bought a scroll of amnesia for 44 gold pieces
  1878 | D:3      | Found a white marble altar of Elyvilon.
  2109 | D:4      | Reached XP level 5. HP: 35/35 MP: 7/9
  2188 | D:4      | Noticed Ijyb
  2217 | D:4      | Killed Ijyb
  2218 | D:4      | Reached skill level 6 in Poison Magic
  2445 | D:4      | Reached skill level 1 in Evocations
  2447 | D:4      | Reached skill level 3 in Shields
  2781 | D:5      | Entered Level 5 of the Dungeon
  2797 | D:5      | Reached XP level 6. HP: 16/41 MP: 3/10
  2967 | D:5      | Reached skill level 2 in Evocations
  3094 | D:5      | Reached skill level 4 in Shields
  3342 | D:5      | Noticed an ice beast
  3499 | D:5      | Killed an ice beast
  3500 | D:5      | Reached skill level 7 in Poison Magic
  3500 | D:5      | Reached skill level 3 in Evocations
  3500 | D:5      | Reached XP level 7. HP: 46/46 MP: 3/11
  3756 | D:6      | Reached skill level 5 in Shields
  3862 | D:6      | Slain by a wight

Illustrated notes

Levels and vault maps discovered:
D:1:      dpeg_arrival_more_subterranean_lakeside_camping, layout_loops_cross,
          serial_shops, nicolae_shop_behind_doors
D:2:      layout_rooms
D:3:      layout_basic, nicolae_elyvilon_temple_path, serial_shops,
          nicolae_shop_waterfront
D:4:      layout_cave_pods, uniq_ijyb
D:5:      layout_loops_ring
D:6:      layout_basic, zin_treasury, minmay_temple_entry_sparse_star,
          nicolae_zen_rock_garden, corexii_leaking_fountain

Skill      XL: |  1  2  3  4  5  6  7 |
---------------+----------------------+-----
Spellcasting   | 3 |  3.0
Poison Magic   | 5 6 7 |  7.7
Shields        | 2 3 4 5 |  5.0
Evocations     | 1 3 |  3.6
Dodging        | |  1.7
Stealth        | |  2.4
Transmutations | |  1.1

Action                     |  1- 3 |  4- 6 |  7- 9 || total
---------------------------+-------+-------+-------++-------
  Melee: Unarmed           |    35 |       |       ||    35
         Scimitar          |    14 |       |       ||    14
         Staff             |     2 |    20 |     4 ||    26
         Hand axe          |     3 |    30 |       ||    33
         Quarterstaff      |       |       |     5 ||     5
   Cast: Sting             |    49 |    73 |    34 ||   156
         Olgreb's Toxic Ra |       |     2 |       ||     2
   Stab: Distracted        |     1 |       |       ||     1
         Sleeping          |     2 |     1 |       ||     3
 Armour: Robe              |    16 |    11 |     3 ||    30
  Dodge: Dodged            |    42 |    61 |    11 ||   114
  Block: Buckler           |     1 |    22 |     8 ||    31

Table legend: (Time is in decaauts)
 A = Elapsed time spent in this place.
 B = Non-inter-level travel time spent in this place.
 C = Inter-level travel time spent in this place.
 D = Time resting spent in this place.
 E = Time spent auto-exploring this place.
 F = Levels seen in this place.
 G = Mean time per level.
                   A        B        C        D        E       F      G
               +--------+--------+--------+--------+--------+-----+--------+
         Total |   3883 |   3716 |    167 |    504 |   2426 |   6 |  647.2 |
       Dungeon |   3883 |   3716 |    167 |    504 |   2426 |   6 |  647.2 |
               +--------+--------+--------+--------+--------+-----+--------+

Top non-repeatable levels by time:
     D:5: 918 daAuts
     D:4: 866 daAuts
     D:3: 792 daAuts
     D:1: 689 daAuts
     D:2: 461 daAuts
     D:6: 156 daAuts
